 Dungeon Crawl Stone Soup version 0.32-a0-411-g744942f433 (webtiles) character file.

Game seed: 10222506835778395947

401 Loading the Cleaver (level 6, -12/51 HPs)
             Began as a Mountain Dwarf Monk on Feb 20, 2024.
             Was a Believer of Cheibriados.
             Mangled by an ogre
             ... wielding a +0 giant club
              (20 damage)
             ... on level 4 of the Dungeon.
             The game lasted 00:02:37 (3823 turns).

Loading the Cleaver (Mountain Dwarf Monk)           Turns: 3823, Time: 00:02:37

Health: -12/51     AC: 10    Str: 20    XL:     6   Next: 54%
Magic:  6/6        EV:  7    Int: 14    God:    Cheibriados [**....]
Gold:   211        SH:  8    Dex: 16    Spells: 5/5 levels left

rFire   + . .        a - +1 hand axe
rCold   + . .        h - +0 kite shield
rNeg    . . .        q - +2 chain mail {rPois}
rPois   +            (no helmet)
rElec   +            (no cloak)
rCorr   +            (no gloves)
SInv    .            (no boots)
Will    .....        (no amulet) Stlth
                     (no ring)
HPRegen 0.28/turn    (no ring)
MPRegen 0.10/turn

%: no passive effects
@: about to teleport, resistant, very slow
A: runic magic, artefact enchanting
a: Renounce Religion, Bend Time


You were on level 4 of the Dungeon.
You worshipped Cheibriados.
Cheibriados was pleased with you.
You visited 2 branches of the dungeon, and saw 5 of its levels.

You collected 211 gold pieces.

Inventory:

Hand Weapons
 a - a +1 hand axe (weapon)
Armour
 d - an orb of light
 h - a +0 kite shield (worn)
 q - a +2 chain mail of poison resistance (worn)
Wands
 g - a wand of flame (15)
 i - a wand of charming (6) (quivered)
 o - a wand of digging (5)
Scrolls
 b - a scroll of noise
 e - a scroll of identify {unknown}
 f - a scroll of teleportation
 j - a scroll of enchant weapon
 k - 2 scrolls of amnesia
 p - a scroll of butterflies
Potions
 c - a potion of ambrosia
 l - a potion of resistance
 m - 2 potions of mutation {unknown}
 n - a potion of brilliance {unknown}


   Skills:
 - Level 3.2 Fighting
 * Level 9.0 Axes
 - Level 2.1 Dodging


You had 5 spell levels left.
You didn't know any spells.
Your spell library contained the following spells:

 Spells                   Type           Power      Damage    Failure   Level
 Apportation              Tloc           0%         N/A       80%         1
 Necrotise                Necr           0%         1d4       80%         1
 Sting                    Conj/Alch      0%         1d3       80%         1
 Summon Small Mammal      Summ           0%         N/A       80%         1
 Animate Dead             Necr           0%         N/A       100%        4
 Borgnjor's Vile Clutch   Necr/Erth      0%         N/A       100%        5
 Death Channel            Necr           0%         N/A       100%        6


Dungeon Overview and Level Annotations

Branches:
Dungeon (4/15)             Temple (1/1) D:4

Altars:
Ashenzari
Cheibriados
Elyvilon
Fedhas
Gozag
Makhleb
Nemelex Xobeh
Okawaru
Ru
Sif Muna
Trog
Uskayaw
Vehumet
Wu Jian
Xom
Yredelemnul
Zin
The Shining One


Innate Abilities, Weirdness & Mutations

Your spellcasting is much less encumbered by armour.
You can use scrolls of enchantment on lesser artefacts.


Message History

You hit the orc priest.
You kill the orc priest!
Cheibriados appreciates the change of pace.
You barely miss the orc. The orc hits you with a +0 short sword.
Your Axes skill increases to level 9!
You hit the orc.
The orc is severely wounded.
You closely miss the kobold. The kobold hits you but does no damage.
The orc barely misses you.
You closely miss the orc.
The orc is severely wounded.
You barely miss the kobold. The kobold hits you but does no damage.
The orc completely misses you.
You slash the kobold!
You kill the kobold!
Cheibriados appreciates the change of pace.
You hit the orc.
You kill the orc!
Cheibriados appreciates the change of pace.
Items here: ( )) †.
An ogre is nearby!
An ogre is nearby!
An ogre is nearby!
The ogre shouts!
You see here a scroll of teleportation.
The ogre hits you with a +0 giant club!
You are too injured to fight recklessly!
You are too injured to fight recklessly!
You hit the ogre.
The ogre is lightly wounded.
You block the ogre's attack.
It was a potion of resistance.
You feel protected. The ogre hits you with a +0 giant club!
* * * LOW HITPOINT WARNING * * *
As you read the scroll of teleportation, it crumbles to dust.
You feel strangely unstable.
The ogre hits you with a +0 giant club!!
You die...
Cheibriados appreciates the motionlessness of death.

##'####
.........#
......#
.##.###..#
......#
#.# #..#
..>...#
#.# #?.#
......#
#..#
......#
#..#
##'####
#))#
##)######.
#..#
#.........
#@.#
..#######.
#O.# ###
.........#
#..###...#
.###. #.
.# #. .# #
##


You could see an ogre.

Vanquished Creatures
  The ghost of Posi the Chopper, an amateur MDFi (D:3)
  A bombardier beetle (D:3)
  An orc priest (D:4)
  An orc wizard (D:2)
  Natasha (thrice) (D:2)
  6 adders
  A ribbon worm (D:2)
  2 dart slugs
  8 orcs
  A bat (D:3)
  2 endoplasms
  A giant cockroach (D:3)
  7 goblins
  4 hobgoblins
  4 kobolds
  A quokka (D:3)
  5 ball pythons
  2 frilled lizards
  4 rats
55 creatures vanquished.

Notes
Turn   | Place    | Note
-------+----------+-------------------------------------------
     0 | D:1      | Loading the Mountain Dwarf Monk began the quest for the
                  | Orb.
     0 | D:1      | Reached XP level 1. HP: 19/19 MP: 1/1
   119 | D:1      | Reached skill level 4 in Axes
   174 | D:1      | Found a faded altar of an unknown god.
   182 | D:1      | Reached XP level 2. HP: 24/26 MP: 2/2
   922 | D:2      | Reached skill level 5 in Axes
   923 | D:2      | Reached XP level 3. HP: 30/31 MP: 3/3
  1111 | D:2      | Reached skill level 6 in Axes
  1111 | D:2      | Reached XP level 4. HP: 38/38 MP: 4/4
  1162 | D:2      | Noticed Natasha
  1173 | D:2      | Killed Natasha
  1198 | D:2      | Noticed Natasha
  1206 | D:2      | Killed Natasha
  1359 | D:2      | Reached skill level 7 in Axes
  1359 | D:2      | Reached XP level 5. HP: 44/45 MP: 5/5
  1727 | D:2      | Noticed Natasha
  1736 | D:2      | Killed Natasha
  2709 | D:3      | Found a large runed translucent door.
  2709 | D:3      | Found a large runed translucent door.
  2717 | D:3      | Noticed Posi's ghost (amateur MDFi)
  2873 | D:3      | Reached skill level 8 in Axes
  2966 | D:3      | Found a snail-covered altar of Cheibriados.
  2966 | D:3      | Found a glowing golden altar of the Shining One.
  3013 | D:3      | Reached XP level 6. HP: 50/51 MP: 6/6
  3034 | D:3      | Became a worshipper of Cheibriados the Contemplative
  3034 | D:3      | Reached * piety under Cheibriados
  3034 | D:3      | Reached ** piety under Cheibriados
  3171 | D:3      | Found a blossoming altar of Fedhas.
  3219 | D:3      | Found an opulent altar of Gozag.
  3219 | D:3      | Found a basalt altar of Yredelemnul.
  3229 | D:3      | Found a faded altar of an unknown god.
  3231 | D:3      | Found a faded altar of an unknown god.
  3234 | D:3      | Found a hide-covered altar of Uskayaw.
  3334 | D:3      | Killed Posi's ghost
  3559 | D:4      | Found a staircase to the Ecumenical Temple.
  3600 | Temple   | Entered the Ecumenical Temple
  3805 | D:4      | Reached skill level 9 in Axes
  3823 | D:4      | Mangled by an ogre

Illustrated notes

Levels and vault maps discovered:
D:1:      psy_arrival_spokes, layout_loops_ring,
          chequers_ecumenical_altar_island
D:2:      layout_loops_corners, uniq_natasha
D:3:      layout_rooms, fedhas_altar_fruit_tree,
          chequers_temple_overflow_minitemple, gammafunk_temple_overflow_wave,
          ebering_ghost_disaster_area, chequers_serial_rivers_marsh
D:4:      layout_loops_ring, temple_green, serial_shops, shop,
          minmay_manual_mess, uniq_duvessa
Temple:   hc_temple_tempest_star

Skill      XL: |  1  2  3  4  5  6 |
---------------+-------------------+-----
Axes           | 4 5 6 7 8 9 |  9.0
Fighting       | |  3.2
Dodging        | |  2.1

Action                     |  1- 3 |  4- 6 || total
---------------------------+-------+-------++-------
  Melee: Hand axe          |    49 |   140 ||   189
  Evoke: Wand              |       |     1 ||     1
    Use: Scroll            |       |     8 ||     8
         Potion            |       |     3 ||     3
 Armour: Chain mail        |    30 |    92 ||   122
  Dodge: Dodged            |    11 |    52 ||    63
  Block: Kite shield       |       |     3 ||     3

Table legend: (Time is in decaauts)
 A = Elapsed time spent in this place.
 B = Non-inter-level travel time spent in this place.
 C = Inter-level travel time spent in this place.
 D = Time resting spent in this place.
 E = Time spent auto-exploring this place.
 F = Levels seen in this place.
 G = Mean time per level.
                   A        B        C        D        E       F      G
               +--------+--------+--------+--------+--------+-----+--------+
         Total |   4039 |   3913 |    126 |    200 |   3227 |   5 |  807.8 |
       Dungeon |   3944 |   3818 |    126 |    200 |   3148 |   4 |  986.0 |
        Temple |     94 |     94 |      0 |      0 |     79 |   1 |   94.0 |
               +--------+--------+--------+--------+--------+-----+--------+

Top non-repeatable levels by time:
     D:2: 1913 daAuts
     D:3: 1089 daAuts
     D:1: 670 daAuts
     D:4: 271 daAuts
  Temple: 94 daAuts
